 Dungeon Crawl Stone Soup version 0.31-a0-881-ge136f0c47a (webtiles) character file.

Game seed: 15930494591401606810

17510 scionoferis the Severer (level 12, -14/99 (100) HPs)
             Began as a Minotaur Chaos Knight on Oct 15, 2023.
             Was a Plaything of Xom.
             Blown up by a lich (67 damage)
             ... with a wavering orb of destruction
             ... on level 1 of the Abyss.
             The game lasted 00:37:16 (11374 turns).

scionoferis the Severer (Minotaur Chaos Knight)    Turns: 11374, Time: 00:37:17

HP:   -14/99 (100)  AC:  7    Str: 19    XL:     12   Next: 19%
MP:   0/0           EV: 25    Int:  9    God:    Xom [*.....]
Gold: 741           SH:  5    Dex: 16    Spells: 11/11 levels left

rFire   + + +        a - +0 hand axe (chaos)
rCold   . . .        V - +0 buckler "Qoqot" {rElec rN+ SInv}
rNeg    + . .        Q - +0 troll leather armour
rPois   .            (helmet restricted)
rElec   +            (no cloak)
rCorr   .            U - +0 pair of gloves
SInv    +            y - +1 pair of boots {Stlth+}
Will    .....        N - amulet "Juigasel" {Spirit rF+++ MP-9 Dex+3}
Stlth   ++           n - +5 ring of evasion
HPRegen 1.16/turn    u - +5 ring of evasion
MPRegen 0.07/turn

%: guardian spirit
@: slowed, lightly drained, invisible, very slow
A: horns 2, retaliatory headbutt, frail 1, low MP 1, sense surroundings 1
a: Renounce Religion


You were on level 1 of the Abyss.
You worshipped Xom.
You were a special plaything of Xom.
You visited 1 branch of the dungeon, and saw 12 of its levels.
You visited the Abyss 1 time.
You also visited: Sewer.

You collected 849 gold pieces.
You spent 108 gold pieces at shops.


Innate Abilities, Weirdness & Mutations

You have a pair of horns on your head.
You reflexively headbutt those who attack you in melee.
You are frail. (-10% HP)
Your magical capacity is low. (-10% MP)
You passively map a small area around you.


   Skills:
 + Level 11.8 Fighting
 * Level 15.9 Axes
 + Level 8.3 Armour
 + Level 7.1 Dodging
 - Level 5.0 Shields
 + Level 5.7 Evocations


You had 11 spell levels left.
You didn't know any spells.
Your spell library contained the following spells:

 Spells                   Type           Power      Damage    Failure   Level
 Kiss of Death            Conj/Necr      0%         2d5       50%         1
 Shock                    Conj/Air       0%         1d3       50%         1
 Cigotuvi's Dreadful Rot  Necr/Pois/Air  0%         N/A       65%         2
 Ensorcelled Hibernation  Hex/Ice        0%         N/A       65%         2
 Lesser Beckoning         Tloc           0%         N/A       65%         2
 Passwall                 Tmut/Erth      0%         N/A       65%         2
 Poisonous Vapours        Pois/Air       0%         N/A       65%         2
 Call Canine Familiar     Summ           0%         N/A       86%         3
 Confusing Touch          Hex            0%         N/A       86%         3
 Gell's Gravitas          Tloc           0%         N/A       86%         3
 Ignite Poison            Fire/Tmut/Pois 0%         N/A       86%         3
 Inner Flame              Hex/Fire       0%         N/A       86%         3
 Mephitic Cloud           Conj/Pois/Air  0%         N/A       86%         3
 Sigil of Binding         Hex            0%         N/A       86%         3
 Swiftness                Air            0%         N/A       86%         3
 Teleport Other           Tloc           0%         N/A       86%         3
 Airstrike                Air            0%         2d(0-16)  99%         4
 Brom's Barrelling Bould  Conj/Erth      0%         2d3       99%         4
 Dimensional Bullseye     Hex/Tloc       0%         N/A       99%         4
 Dispel Undead            Necr           0%         3d6       99%         4
 Leda's Liquefaction      Hex/Erth       0%         N/A       99%         4
 Sticky Flame             Conj/Fire      0%         2d3       99%         4
 Vhi's Electric Charge    Tloc/Air       0%         N/A       99%         4
 Arcjolt                  Conj/Air       0%         1d10      100%        5
 Fireball                 Conj/Fire      0%         3d3       100%        5
 Freezing Cloud           Conj/Ice/Air   0%         6-21      100%        5
 Iskenderun's Battlesphe  Conj           0%         2d6       100%        5
 Yara's Violent Unravell  Hex/Tmut       0%         3d3       100%        5
 Conjure Ball Lightning   Conj/Air       0%         3x3d6     100%        6
 Enfeeble                 Hex            0%         N/A       100%        7
 Malign Gateway           Summ/Tloc      0%         N/A       100%        7
 Orb of Destruction       Conj           0%         9d5       100%        7
 Ignition                 Fire           0%         3d3       100%        8
 Maxwell's Capacitive Co  Air            0%         ∞         100%        8
 Summon Horrible Things   Summ           0%         N/A       100%        8

Inventory:

Hand Weapons
 a - a +0 hand axe of chaos (weapon)
 P - a +0 war axe
   (You found it on level 8 of the Dungeon)
Missiles
 i - 34 poisoned darts
 p - a throwing net (quivered)
 r - 9 boomerangs
 w - 6 atropa-tipped darts
 C - 8 javelins
 O - 2 curare-tipped darts
Armour
 y - a +1 pair of boots of stealth (worn)
   (You found it on level 5 of the Dungeon)
 J - a +1 leather armour of fire resistance
   (You took it off an orc on level 7 of the Dungeon)
 Q - a +0 troll leather armour (worn)
   (You found it on level 9 of the Dungeon)
 T - a +0 scale mail of cold resistance
   (You took it off Urug on level 12 of the Dungeon)
 U - a +0 pair of gloves (worn)
   (You found it on level 12 of the Dungeon)
 V - the +0 buckler "Qoqot" (worn) {rElec rN+ SInv}
   (You took it off a kobold on level 10 of the Dungeon)

   rElec:     It insulates you from electricity.
   rN+:       It protects you from negative energy.
   SInv:      It lets you see invisible.
Jewellery
 k - a ring of flight
   (You found it on level 2 of the Dungeon)
 l - a ring of protection from fire
   (You took it off a hobgoblin on level 2 of the Dungeon)
 n - a +5 ring of evasion (left hand)
   (You took it off a hobgoblin on level 2 of the Dungeon)
 u - a +5 ring of evasion (right hand)
   (You found it on level 11 of the Dungeon)
 N - the amulet "Juigasel" (around neck) {Spirit rF+++ MP-9 Dex+3}
   (Xom gifted it to you on level 8 of the Dungeon)

   [amulet of guardian spirit]

   Spirit:    It causes incoming damage to be divided between your reserves of
   health and magic.
   Dex+3:     It affects your dexterity (+3).
   rF+++:     It renders you almost immune to fire.
   MP-9:      It affects your magic capacity (-9).
Wands
 B - a wand of charming (16)
   (You took it off an orc wizard on level 11 of the Dungeon)
 K - a wand of roots (4)
   (You found it on level 7 of the Dungeon)
 L - a wand of acid (3)
   (You found it on level 12 of the Dungeon)
 M - a wand of polymorph (6)
   (You found it on level 7 of the Dungeon)
Scrolls
 b - a scroll of silence {unknown}
 c - 2 scrolls of butterflies
 d - 3 scrolls of fear
 e - 2 scrolls of teleportation
 g - 2 scrolls of noise
 q - 2 scrolls of torment
 E - a scroll of revelation {unknown}
 F - a scroll of brand weapon {unknown}
 G - a scroll of vulnerability {unknown}
 I - 2 scrolls of enchant armour
 R - a scroll of amnesia {unknown}
 S - a scroll of poison {unknown}
Potions
 f - 4 potions of attraction
 h - 3 potions of curing {unknown}
 j - a potion of resistance {unknown}
 m - a potion of might {unknown}
 o - 4 potions of haste {unknown}
 s - a potion of lignification {unknown}
 t - a potion of heal wounds
 v - a potion of ambrosia {unknown}
 x - 4 potions of brilliance {unknown}
 z - 2 potions of cancellation
 A - 2 potions of invisibility {unknown}
 D - 2 potions of mutation {unknown}
 H - 4 potions of enlightenment {unknown}

Dungeon Overview and Level Annotations

Branches:
Dungeon (12/15)            Temple (0/1) D:6            Lair (0/5) D:10
    Orc (0/2) D:9           Sewer (visited)

Altars:
Dithmenos
Elyvilon
Fedhas
Gozag
Hepliaklqana
Kikubaaqudgha
Nemelex Xobeh
Qazlal
Ru
Sif Muna
Trog
Vehumet
Wu Jian
Xom
Yredelemnul
The Shining One

Shops:
D:3 *   D:4 :   D:10 *

Annotations:
D:6 dig for gold/xp
D:12 Erolcha

### ..# #..
###### #..
..##.#...#
#..##...#..#
#...X§.X...#.
.# #.. ##@§X#
.. #....L☼#.#..
. ..#..#WX.#..
.# # #...#X##
##..#
..#....#.#.#L..
#......#...
.#### ....#..#
..........
.#.#...#
#....#.. . . #
####. ##.##..#


You could see 5 starcursed masses, a lich (fast, invisible) and a wraith.


Message History

You hear a shout! x9
Unknown command.
An orc wizard comes into view. It is wielding a +0 dagger. x2
You closely miss the orc wizard. Your headbutt misses the orc wizard.
The orc wizard gestures at you while chanting.
You block the puff of flame.
You barely miss the orc wizard. You slash the orc wizard!
The orc wizard seems to speed up.
The orc wizard is severely wounded.
The orc wizard barely misses you.
You hit the orc wizard.
You kill the orc wizard!
An orc wizard comes into view.
It is wielding a +0 dagger and carrying a wand of charming.
You block the orc wizard's attack.
Things that are here:
a +0 dagger; a +0 robe You hit the orc wizard but do no damage.
You slash the orc wizard!
Lightning courses through the orc wizard!
You kill the orc wizard!
The orc wizard casts a spell at you.
You are confused.
An orc comes into view. It is wielding a +0 short sword.
You are too confused!
You are too confused!
The sentinel's mark upon you fades away.
You bump into the rock wall.
A troll comes into view.
The orc wizard completely misses you. The orc barely misses you.
You bump into the rock wall.
The orc wizard hits you but does no damage.
The orc barely misses you.
You bump into the rock wall.
You feel less confused.
The orc wizard gestures wildly while chanting.
The orc wizard flickers and vanishes for a moment.
Press: ? - help, v - describe, . - travel
Here: an orc wizard, wielding a +0 dagger, wearing a +0 robe and carrying a wand of charming (slightly transparent)
The floor.
Unknown command.
You slash the troll!
The troll seems to grow stronger.
The troll is moderately wounded.
You hit the orc wizard. You burn the orc wizard.
You hit the troll but do no damage. Your headbutt misses the troll.
The troll is moderately wounded.
You hit the orc wizard. You freeze the orc wizard.
You block the orc wizard's attack.
An orc wizard comes into view. It is wielding a +0 dagger.
You hit the troll. You freeze the troll. Your headbutt misses the troll.
The troll is moderately wounded.
You miss the orc wizard. The troll bites you!! The troll closely misses you. x2
The orc wizard misses you.
You hit the troll.
The troll is poisoned.
Your headbutt misses the troll.
The troll is moderately wounded.
You hit the orc wizard.
You kill the orc wizard!
You slash the troll!
The troll is severely wounded.
The troll closely misses you. You block the troll's attack.
The troll claws you!
An orc comes into view. It is wielding a +0 hand axe.
You hit the troll.
The troll looks as sick as possible!
The troll is severely wounded.
The troll bites you!!
* * * LOW HITPOINT WARNING * * *
The troll claws you.
* * * LOW HITPOINT WARNING * * *
You block the troll's attack.
You hit the troll but do no damage. You headbutt the troll!
The troll is almost dead.
You hit the troll. You headbutt the troll.
You kill the troll!
The orc wizard casts a spell at you. The puff of flame misses you.
The orc wizard barely misses you.
You hit the orc wizard.
The orc wizard's magic leaks into the air.
The orc wizard is lightly wounded.
You barely miss the orc wizard.
The orc wizard is lightly wounded.
The orc wizard's magic is no longer disrupted.
The orc wizard completely misses you. You furiously retaliate!
You headbutt the orc wizard. You slash the orc wizard! You burn the orc wizard.
The orc wizard is severely wounded.
The orc wizard hits you but does no damage.
You slash the orc wizard! You burn the orc wizard.
You kill the orc wizard!
Things that are here:
a +0 dagger; a +0 robe; a wand of charming (8)
You closely miss the orc. Your headbutt misses the orc.
The orc closely misses you.
You slash the orc!
You kill the orc!
You slash the orc! You burn the orc.
You kill the orc!
Things that are here:
a +0 dagger; a +0 robe An orc comes into view.
It is wielding a +0 club.
Things that are here:
a +0 dagger; a +0 robe; a wand of charming (8)
Items here: )) [ †.
You hit the orc.
The orc is almost dead.
The orc barely misses you.
You hit the orc.
You kill the orc!
Things that are here:
a +0 club; a +0 dagger; a +0 robe
Items here: )) [ †.
B - a wand of charming (8)
Things that are here:
a +0 dagger; a +0 robe
Items here: )) [ †.
Things that are here:
a +0 club; a +0 dagger; a +0 robe You see here 3 large rocks.
You see here a +0 giant club.
An orc comes into view. It is wielding a +0 hand axe.
An orc comes into view. It is wielding a +0 club.
An orc priest comes into view. It is wielding a +0 club.
A cyclops comes into view.
The orc shouts!
Xom opens a gate.
You are now a toy of Xom.
The orc priest shouts!
The cyclops shouts!
You slash the orc!
You kill the orc!
Your quasit bites the orc priest.
Your quasit claws the orc priest but does no damage.
Your quasit barely misses the orc priest.
The orc priest begins to cast a cantrip, but forgets the words!
Your quasit bites the orc priest.
Your quasit claws the orc priest.
Your quasit barely misses the orc priest.
You closely miss the orc priest.
The orc priest is moderately wounded.
You block the orc priest's attack.
You hit the orc priest. Your headbutt misses the orc priest.
The orc priest is severely wounded.
Your quasit completely misses the orc priest.
Your quasit misses the orc priest.
Your quasit closely misses the orc priest.
You hit the orc priest.
The orc priest is poisoned.
The orc priest is almost dead.
Your quasit closely misses the orc priest.
Your quasit barely misses the orc priest.
Your quasit closely misses the orc priest.
You block the orc priest's attack.
You barely miss the orc priest.
The orc priest is almost dead.
You hit the orc.
You kill the orc priest!
The cyclops throws a large rock.
The large rock closely misses your quasit.
The large rock closely misses you. You block the orc's attack.
You hit the orc but do no damage.
The orc is poisoned.
Your headbutt misses the orc.
The orc is moderately wounded.
Your quasit bites the cyclops but does no damage.
Your quasit claws the cyclops but does no damage.
Your quasit claws the cyclops.
You hit the orc.
The orc seems to speed up.
The orc is severely wounded.
You block the orc's attack. The cyclops closely misses your quasit.
Your quasit barely misses the cyclops.
Your quasit claws the cyclops but does no damage.
Your quasit claws the cyclops.
You slash the orc! You burn the orc.
You kill the orc!
Your quasit bites the cyclops but does no damage.
Your quasit claws the cyclops.
Your quasit barely misses the cyclops.
The cyclops misses you.
Your quasit bites the cyclops but does no damage.
Your quasit claws the cyclops but does no damage. x2
You hit the cyclops but do no damage.
The cyclops resists with almost no effort.
The cyclops is lightly wounded.
You slash the cyclops!
The cyclops is moderately wounded.
Your quasit bites the cyclops but does no damage.
Your quasit claws the cyclops but does no damage.
Your quasit completely misses the cyclops.
You block the cyclops's attack.
You slash the cyclops!
The cyclops is heavily wounded.
Your quasit bites the cyclops.
Your quasit claws the cyclops. x2
You hit the cyclops but do no damage. Lightning courses through the cyclops!!
You kill the cyclops!
Things that are here:
3 large rocks; a cyclops corpse You now have 586 gold pieces (gained 17).
You see here a +0 hand axe. "Boo!"
Unknown command.
There is a shaft here.
Found a stone staircase leading down.
Found a stone staircase leading up.
You now have 604 gold pieces (gained 18).
There is a stone staircase leading up here.
You swap places.
Done exploring.
Done exploring.
Search for what [Enter for "ax", or ? for help]?
Okay, then.
Unknown command.
Search for what [Enter for "ax", or ? for help]? ax
There is a stone staircase leading down here.
Search for what [Enter for "ax", or ? for help]? d: Unknown command.
You climb downwards.
Your summoned ally is left behind.
Found 9 stones.
There is a stone staircase leading up here.
You see here 3 stones.
You open the door.
There is an open door here.
You open the large door.
A yak comes into view.
A yak comes into view.
There is a large open door here. 4 yaks come into view.
The yak bellows! x5
There is a large open door here.
The yak bellows!
You hit the yak. Lightning courses through the yak!
The yak is heavily wounded.
You hit the yak. You burn the yak. Your headbutt misses the yak.
The yak is severely wounded.
Xom smirks.
You detect items!
The yak closely misses you.
You hit the yak but do no damage.
The yak is severely wounded.
You slash the yak!
The yak is poisoned.
You headbutt the yak, but do no damage.
The yak is lightly wounded.
You hit the yak but do no damage. You block the yak's attack.
You hit the yak. You drain the yak.
The yak is moderately wounded.
You hit the yak.
The yak seems to speed up.
You hit the yak.
The yak is poisoned.
The yak is severely wounded.
You hit the yak. You freeze the yak. You hit the yak but do no damage.
The yak is severely wounded.
You hit the yak but do no damage. The yak completely misses you.
You furiously retaliate!
You headbutt the yak! The yak misses you.
You hit the yak but do no damage.
Xom thinks this is hilarious!
Nothing appears to happen.
You headbutt the yak!
The yak is almost dead.
You barely miss the yak. The yak gores you but does no damage.
The yak closely misses you.
You hit the yak.
Space warps horribly around the yak!
The yak is severely wounded.
You hit the yak but do no damage. You hit the yak.
You kill the yak!
You slash the yak! You freeze the yak.
You kill the yak!
You hit the yak but do no damage. You block the yak's attack.
You slash the yak!
The yak looks as sick as possible!
The yak is moderately wounded.
You completely miss the yak. The yak completely misses you.
You furiously retaliate!
You headbutt the yak. The yak gores you.
You hit the yak. You burn the yak. You headbutt the yak.
The yak is heavily wounded.
You slash the yak! You freeze the yak.
You kill the yak!
You slash the yak!
The yak is almost dead.
The yak gores you but does no damage.
You hit the yak.
The yak is almost dead.
You hit the yak. You burn the yak. The yak completely misses you.
You furiously retaliate!
You headbutt the yak. You barely miss the yak.
The yak is almost dead.
You hit the yak. The yak gores you.
You hit the yak but do no damage.
The yak is almost dead.
You hit the yak but do no damage. You drain the yak.
You kill the yak!
You block the yak's attack.
You slash the yak!
You kill the yak!
That felt strangely unrewarding.
You hit the yak but do no damage. You headbutt the yak, but do no damage.
You barely miss the yak. The yak gores you but does no damage.
You block the yak's attack.
You hit the yak but do no damage. Your headbutt misses the yak.
You hit the yak.
The yak seems to slow down.
You slash the yak! You freeze the yak. You headbutt the yak.
The yak is heavily wounded.
You hit the yak but do no damage. The yak gores you!
The yak completely misses you. You furiously retaliate!
You headbutt the yak. You hit the yak. You headbutt the yak.
The yak is severely wounded.
You hit the yak. Lightning courses through the yak!!
You block the yak's attack.
You slash the yak!
The yak looks as sick as possible!
The yak is almost dead.
You barely miss the yak.
Xom's attention almost turns to you for a moment.
Your eyebrows briefly feel incredibly bushy.
The yak completely misses you.
You closely miss the yak.
The yak is almost dead.
You hit the yak.
Space warps around the yak.
You kill the yak!
The yak is no longer moving slowly.
You slash the yak! You burn the yak.
You kill the yak!
HP restored.
You open the door.
There is an open door here.
You now have 627 gold pieces (gained 23).
You open the door.
There is an open door here.
L - a wand of acid (3)
You now have 640 gold pieces (gained 13).
There is an open door here.
You now have 652 gold pieces (gained 12). "Catch!"
Something appears at your feet!
You now have 679 gold pieces (gained 27).
h - 3 glowing purple potions (gained 1)
o - 4 brown potions (gained 1)
You open the door.
There is an open door here.
c - 2 scrolls of butterflies (gained 1) As you open the door, it creaks loudly!
You hear a shout!
Urug the Orcish Ballista comes into view.
She is wielding a +1 double sword and wearing a +0 scale mail of cold resistance.
There is an open door here.
Okay, then.
You close the door.
You start waiting.
Urug the Orcish Ballista opens the door.
She is wielding a +1 double sword and wearing a +0 scale mail of cold resistance.
Urug closely misses you. You furiously retaliate!
You headbutt Urug, but do no damage.
There is a broken door here.
You hit Urug. You drain Urug.
Urug is lightly wounded.
You slash Urug! You headbutt Urug, but do no damage.
Urug is moderately wounded.
You block Urug's attack.
You closely miss Urug.
Urug is moderately wounded.
Urug completely misses you. You furiously retaliate!
You headbutt Urug. You hit Urug but do no damage.
Urug is poisoned.
Your headbutt misses Urug.
Urug is moderately wounded.
You hit Urug but do no damage. You drain Urug.
Urug is heavily wounded.
Urug barely misses you.
You barely miss Urug. Your headbutt misses Urug.
Urug is heavily wounded.
You hit Urug but do no damage. Lightning courses through Urug!
Your headbutt misses Urug.
Urug is severely wounded.
Urug misses you.
You closely miss Urug.
Urug is severely wounded.
Urug misses you. You furiously retaliate!
You headbutt Urug! You hit Urug.
Urug is almost dead.
You hit Urug.
Urug is almost dead.
Urug completely misses you.
You barely miss Urug. You headbutt Urug.
You kill Urug!
C - 8 javelins (gained 7)
Things that are here:
a +1 double sword; a +0 scale mail of cold resistance
T - a +0 scale mail of cold resistance
There is a broken door here.
You open the door.
There is an open door here.
You open the door.
Found a blade talisman.
No target in view!
There is an open door here.
A boulder beetle comes into view.
Throw: 34 darts (poison)
Press: ? - help, Q - select action, (/) - cycle Shift-Dir - straight line, f - boulder beetle
Aim: a boulder beetle (asleep, 98% to hit)
You throw a poisoned dart.
The poisoned dart hits the boulder beetle.
The boulder beetle is poisoned.
The boulder beetle curls into a ball and begins rolling!
Throw: 33 darts (poison)
Press: ? - help, Q - select action, (/) - cycle Shift-Dir - straight line, f/p - boulder beetle
Aim: a boulder beetle (lightly wounded, rolling, poisoned, 90% to hit)
You throw a poisoned dart.
The poisoned dart hits the boulder beetle.
The boulder beetle looks even sicker.
The boulder beetle is lightly wounded.
Throw: 32 darts (poison)
Press: ? - help, Q - select action, (/) - cycle Shift-Dir - straight line, f/p - boulder beetle
Aim: a boulder beetle (lightly wounded, rolling, very poisoned, 90% to hit)
You throw a poisoned dart.
The poisoned dart hits the boulder beetle.
The boulder beetle looks even sicker.
The boulder beetle is lightly wounded.
Throw: 31 darts (poison)
Press: ? - help, Q - select action, (/) - cycle Shift-Dir - straight line, f/p - boulder beetle
Aim: a boulder beetle (lightly wounded, rolling, very poisoned, 90% to hit)
Okay, then.
You hit the boulder beetle but do no damage.
The boulder beetle looks as sick as possible!
The boulder beetle is lightly wounded.
The boulder beetle misses you.
The boulder beetle stops rolling and uncurls.
You hit the boulder beetle but do no damage.
You drain the boulder beetle.
The boulder beetle is lightly wounded.
You hit the boulder beetle but do no damage.
The boulder beetle looks as sick as possible!
The boulder beetle is lightly wounded.
You block the boulder beetle's attack.
You hit the boulder beetle.
The boulder beetle is lightly wounded.
The boulder beetle bites you!
You hit the boulder beetle but do no damage.
You headbutt the boulder beetle.
The boulder beetle is moderately wounded.
You hit the boulder beetle.
The boulder beetle looks as sick as possible!
The boulder beetle is moderately wounded.
The boulder beetle closely misses you. You furiously retaliate!
You headbutt the boulder beetle!
You hit the boulder beetle but do no damage.
The boulder beetle is heavily wounded.
Xom makes a sudden noise!
You hear the wailing of sirens.
You are now a very special plaything of Xom.
You hear a roar!
The boulder beetle closely misses you.
You hit the boulder beetle but do no damage.
Lightning courses through the boulder beetle!
You headbutt the boulder beetle.
The boulder beetle is severely wounded.
You hit the boulder beetle but do no damage.
The boulder beetle is almost dead.
The boulder beetle closely misses you.
You hit the boulder beetle.
The boulder beetle seems to speed up.
You headbutt the boulder beetle!
The boulder beetle is almost dead.
You kill the boulder beetle!
Your Armour skill increases to level 8!
You have reached level 12!
You feel stronger.
HP restored.
i - 32 poisoned darts (gained 1)
Found a stone staircase leading down.
i - 34 poisoned darts (gained 2)
A slime creature comes into view. x2
A slime creature comes into view.
Found a fuming blue potion.
The slime creature quivers.
An acid dragon and a slime creature come into view.
The acid dragon roars!
Found a leather armour.
You block the slime creature's attack. The acid dragon spits acid at you.
The splash of acid hits you!
The slime creature quivers.
You hit the slime creature.
The slime creature seems to grow stronger.
You headbutt the slime creature!
The slime creature is lightly wounded.
The slime creature completely misses you.
You slash the slime creature! You burn the slime creature.
Your headbutt misses the slime creature.
The slime creature is heavily wounded.
You hit the slime creature but do no damage.
You headbutt the slime creature!
The slime creature is severely wounded.
You block the slime creature's attack.
You slash the slime creature!
The slime creature appears confused.
The slime creature is moderately wounded.
You completely miss the slime creature. You hit the slime creature.
You hit the slime creature.
Nothing appears to happen.
The slime creature is severely wounded.
You catch the helpless slime creature completely off-guard!
You slash the slime creature! You burn the slime creature.
You slash the slime creature! You freeze the slime creature.
The slime creature completely misses you. x2
The slime creature closely misses you.
Two slime creatures merge to form a large slime creature.
You slash the slime creature! You freeze the slime creature.
The slime creature is almost dead.
You hit the slime creature. You freeze the slime creature.
You hit the large slime creature but do no damage.
You block the slime creature's attack.
You hit the slime creature.
You feel better.
The slime creature is almost dead.
You hit the large slime creature but do no damage.
You drain the large slime creature. You hit the slime creature.
You slash the slime creature!
You kill the slime creature!
You hit the slime creature. You hit the large slime creature.
You burn the large slime creature. The slime creature misses you.
You hit the acid dragon but do no damage.
You hit the large slime creature.
The large slime creature resists with almost no effort.
You catch the helpless slime creature completely off-guard!
You slash the slime creature! You burn the slime creature.
The acid dragon spits acid at you. The splash of acid hits you!!
The acid corrodes you! The large slime creature misses you.
You furiously retaliate!
You headbutt the large slime creature! The slime creature hits you!
The slime creature hits itself!
The slime creature is killed!
You hit the acid dragon but do no damage.
Lightning courses through the acid dragon!!
You headbutt the acid dragon, but do no damage.
The acid dragon is severely wounded.
You hit the large slime creature but do no damage.
The large slime creature blinks!
You hit the acid dragon but do no damage.
The acid dragon is poisoned.
The acid dragon is severely wounded.
The acid dragon barely misses you. The acid dragon completely misses you.
You hit the acid dragon. You burn the acid dragon.
You kill the acid dragon! "Where it stops, nobody knows!"
Your surroundings seem slightly different.
Your surroundings suddenly seem different.
Unknown command.
You start resting.
HP restored.
You start resting.
You are no longer corroded.
HP restored.
Found a sling.
You see here a +0 sling.
Found a stone staircase leading up.
Found a pair of gloves.
Found an escape hatch in the floor.
Unknown command.
There is a stone staircase leading up here.
You see here a +0 pair of gloves.
U - a +0 pair of gloves You start putting on your armour.
You continue putting on your +0 pair of gloves. x4
You finish putting on your +0 pair of gloves.
Unknown command.
You now have 692 gold pieces (gained 13).
You open the door.
Found a stone staircase leading up.
A gargoyle comes into view. It is wielding a +0 morningstar.
There is an open door here.
The gargoyle completely misses you. You furiously retaliate!
You headbutt the gargoyle. You hit the gargoyle but do no damage.
The gargoyle is moderately damaged.
The gargoyle hurls a stone arrow at you.
The stone arrow hits you!
You barely miss the gargoyle.
You headbutt the gargoyle, but do no damage.
The gargoyle is moderately damaged.
The gargoyle hurls a stone arrow at you.
The stone arrow hits you.
You slash the gargoyle! You freeze the gargoyle.
The gargoyle is severely damaged.
You hit the gargoyle but do no damage.
The gargoyle is severely damaged.
You block the gargoyle's attack.
You barely miss the gargoyle.
You headbutt the gargoyle, but do no damage.
The gargoyle is severely damaged.
You hit the gargoyle but do no damage.
The gargoyle is severely damaged.
The gargoyle hits you with a +0 morningstar.
You hit the gargoyle but do no damage.
You headbutt the gargoyle, but do no damage.
The gargoyle is severely damaged.
The gargoyle completely misses you.
You slash the gargoyle! You freeze the gargoyle.
You destroy the gargoyle!
No target in view!
You see here a +0 morningstar.
As you open the door, it creaks loudly!
There is an open door here.
You now have 707 gold pieces (gained 15).
Found an escape hatch in the ceiling.
Erolcha the Cunning comes into view.
She is wielding a +0 giant club.
Okay, then.
Unknown command.
You open the door.
There is an open door here.
There is a broken door here.
Found a stone staircase leading down.
There is a stone staircase leading down here.
You open the large door.
Found 19 gold pieces.
There is a large open door here.
You now have 726 gold pieces (gained 19).
There is a large open door here.
You open the door.
There is an open door here.
You open the door.
There is an open door here.
Found a stone staircase leading down.
B - a wand of charming (16) (gained 8 charges)
The slime creature quivers.
The slime creature misses you.
The slime creature quivers.
You hit the slime creature. You headbutt the slime creature.
The slime creature is lightly wounded.
The slime creature hits you!
You hit the slime creature. You burn the slime creature.
The slime creature is moderately wounded.
The slime creature closely misses you. You furiously retaliate!
You headbutt the slime creature. You hit the slime creature.
You burn the slime creature. You headbutt the slime creature.
The slime creature is heavily wounded.
You slash the slime creature!
The slime creature easily resists.
Your headbutt misses the slime creature.
The slime creature is heavily wounded.
The slime creature misses you.
You barely miss the slime creature.
The slime creature is heavily wounded.
You hit the slime creature.
The slime creature suddenly seems more agile.
You block the slime creature's attack.
You hit the slime creature. You burn the slime creature.
You headbutt the slime creature.
The slime creature is severely wounded.
You hit the slime creature but do no damage.
The slime creature misses you. You furiously retaliate!
You headbutt the slime creature! You slash the slime creature!
You freeze the slime creature.
You kill the slime creature!
You hit the slime creature. You freeze the slime creature.
The slime creature closely misses you.
You hit the slime creature.
Your headbutt misses the slime creature.
The slime creature is lightly wounded.
You closely miss the slime creature.
The slime creature is lightly wounded.
The slime creature barely misses you. You furiously retaliate!
You headbutt the slime creature. You barely miss the slime creature.
The slime creature is lightly wounded.
The slime creature completely misses you.
You furiously retaliate!
You headbutt the slime creature. You barely miss the slime creature.
The slime creature is lightly wounded.
You hit the slime creature.
Lightning courses through the slime creature!
You headbutt the slime creature!
The slime creature is heavily wounded.
The slime creature misses you.
You hit the slime creature.
The slime creature is heavily wounded.
You hit the slime creature but do no damage.
You headbutt the slime creature!
The slime creature is severely wounded.
The slime creature hits you!
You hit the slime creature.
Nothing appears to happen.
You headbutt the slime creature.
The slime creature is almost dead.
The slime creature barely misses you.
You hit the slime creature.
The slime creature is almost dead.
You hit the slime creature.
The slime creature is almost dead.
The slime creature closely misses you.
You hit the slime creature.
The slime creature appears confused.
You headbutt the slime creature.
You kill the slime creature!
No target in view!
x - 4 fuming blue potions (gained 1)
You now have 741 gold pieces (gained 15).
You open the door.
There is an open door here.
There is an open door here.
Xom makes a sudden noise!
You hear a bellow!
There is an open door here.
There is an open door here.
There is an open door here.
You open the door.
There is an open door here.
There is an open door here.
Erolcha shouts!
Throw: 5 throwing nets
Press: ? - help, Q - select action, (/) - cycle Shift-Dir - straight line, f - Erolcha
Aim: Erolcha, wielding a +0 giant club and wearing a +2 robe (73% to hit)
You throw a throwing net.
The throwing net completely misses Erolcha.
Unknown command.
Throw: 4 throwing nets
Press: ? - help, Q - select action, (/) - cycle Shift-Dir - straight line, f/p - Erolcha
Aim: Erolcha, wielding a +0 giant club and wearing a +2 robe (73% to hit)
You throw a throwing net. The throwing net hits Erolcha.
Erolcha is caught in the net!
Erolcha casts a spell.
Erolcha blinks!
You start waiting.
Erolcha is nearby!
Throw: 3 throwing nets
Press: ? - help, Q - select action, (/) - cycle Shift-Dir - straight line, f/p - Erolcha
Aim: Erolcha, wielding a +0 giant club and wearing a +2 robe (73% to hit)
You throw a throwing net. The throwing net hits Erolcha.
Erolcha is caught in the net!
Erolcha struggles against the net.
Erolcha struggles against the net.
Erolcha struggles against the net.
You hit Erolcha but do no damage.
Erolcha suddenly seems more resistant.
You headbutt Erolcha, but do no damage.
Erolcha struggles against the net.
You hit Erolcha but do no damage.
Erolcha struggles against the net.
You slash Erolcha!
Erolcha is lightly wounded.
You hit Erolcha but do no damage.
Erolcha is lightly wounded.
Erolcha casts a spell.
Erolcha blinks!
Throw: 2 throwing nets
Press: ? - help, Q - select action, (/) - cycle Shift-Dir - straight line, f/p - Erolcha
Aim: Erolcha, wielding a +0 giant club and wearing a +2 robe (lightly wounded, unusually resistant, 73% to hit)
You throw a throwing net. The throwing net hits Erolcha.
Erolcha is caught in the net!
Erolcha is lightly wounded.
Erolcha struggles against the net.
Erolcha casts a spell.
Erolcha flickers and vanishes for a moment.
Erolcha struggles against the net.
You see here a brown potion.
You hit Erolcha.
Erolcha's magic leaks into the air.
Erolcha is moderately wounded.
Erolcha's magic is no longer disrupted.
Erolcha points at you and mumbles some strange words.
Erolcha struggles against the net.
You are cast into the Abyss!
This branch contains the abyssal rune of Zot.
Xom thinks this is hilarious!
Found a corrupted altar of Lugonu.
An efreet comes into view.
It is wielding a +3 scimitar of flaming.
You barely miss the efreet. You hit the efreet but do no damage.
Space warps around the efreet.
You headbutt the efreet!
The efreet is moderately wounded.
The efreet completely misses you.
You hit the efreet but do no damage. You headbutt the efreet.
The efreet is heavily wounded.
You hit the efreet but do no damage. Lightning courses through the efreet!
You headbutt the efreet.
The efreet is almost dead.
You block the efreet's attack.
You hit the efreet.
The efreet's magic leaks into the air.
You headbutt the efreet.
You kill the efreet!
Your Dodging skill increases to level 7!
No target in view!
You see here a +3 scimitar of flaming.
An apocalypse crab comes into view.
The apocalypse crab breathes chaos at you.
The blast of chaos engulfs you!
You are confused.
You bump into the rock wall.
You are engulfed in seething chaos.
You suddenly lose the ability to move!
You are engulfed in seething chaos.
You shrug off the repeated paralysis!
You can move again.
You bump into the metal wall.
You bump into the rock wall.
The apocalypse crab breathes chaos at you.
The blast of chaos engulfs you. You resist.
You are engulfed in seething chaos.
You feel agile all of a sudden.
You are engulfed in seething chaos.
You hit the apocalypse crab but do no damage.
You headbutt the apocalypse crab.
The apocalypse crab is lightly wounded.
You hit the apocalypse crab but do no damage.
The apocalypse crab is lightly wounded.
The apocalypse crab blinks!
You feel less confused.
You start waiting.
An apocalypse crab is nearby!
You hit the apocalypse crab.
The apocalypse crab is poisoned.
The apocalypse crab is lightly wounded.
You slash the apocalypse crab!
The apocalypse crab resists with almost no effort.
The apocalypse crab is moderately wounded.
The apocalypse crab barely misses you.
The apocalypse crab claws you but does no damage.
You hit the apocalypse crab.
You headbutt the apocalypse crab, but do no damage.
The apocalypse crab is moderately wounded.
The apocalypse crab barely misses you.
The apocalypse crab completely misses you.
You hit the apocalypse crab but do no damage.
Your headbutt misses the apocalypse crab.
The apocalypse crab is moderately wounded.
You hit the apocalypse crab.
The apocalypse crab suddenly seems more agile.
Your headbutt misses the apocalypse crab.
The apocalypse crab is heavily wounded.
The apocalypse crab completely misses you.
You block the apocalypse crab's attack.
You hit the apocalypse crab.
The apocalypse crab looks as sick as possible!
You headbutt the apocalypse crab, but do no damage.
The apocalypse crab is heavily wounded.
The apocalypse crab barely misses you. You furiously retaliate!
You headbutt the apocalypse crab. The apocalypse crab misses you.
You hit the apocalypse crab but do no damage.
The apocalypse crab is heavily wounded.
You hit the apocalypse crab but do no damage.
You headbutt the apocalypse crab, but do no damage.
The apocalypse crab is severely wounded.
The apocalypse crab misses you. You furiously retaliate!
You headbutt the apocalypse crab! You block the apocalypse crab's attack.
You hit the apocalypse crab.
You kill the apocalypse crab!
Xom's power almost touches on you for a moment.
Nothing appears to happen...
Ominous!
You enter the shallow water.
Moving in this stuff is going to be slow.
A smoke demon comes into view.
A small abomination comes into view.
The smoke demon roars! "Hum-dee-hum-dee-hum..."
The smoke demon seems to grow stronger.
The smoke demon gestures at you. The ball of steam hits you! You resist.
The smoke demon misses you. The smoke demon hits you. x2
You barely miss the smoke demon. Your headbutt misses the smoke demon.
The smoke demon hits you. The smoke demon closely misses you.
The smoke demon hits you but does no damage.
You hit the smoke demon but do no damage.
You hit the smoke demon but do no damage.
The smoke demon closely misses you.
The smoke demon completely misses you. x2
A large abomination comes into view.
You completely miss the smoke demon. The smoke demon hits you.
The smoke demon completely misses you. x2
Your unstable footing causes you to fumble your attack.
Your unstable footing causes you to fumble your attack.
The smoke demon hits you. The smoke demon misses you.
The smoke demon hits you but does no damage.
You hit the smoke demon but do no damage.
Unknown command.
You slash the smoke demon! You headbutt the smoke demon!
The smoke demon is heavily wounded.
The smoke demon completely misses you. You block the smoke demon's attack.
The smoke demon misses you.
You hit the smoke demon.
The smoke demon seems to speed up.
You headbutt the smoke demon.
The smoke demon is heavily wounded.
The smoke demon gestures at you. Something smites you!
Your unstable footing causes you to fumble your attack.
The smoke demon completely misses you. You furiously retaliate!
You headbutt the smoke demon! The smoke demon closely misses you. x2
You hit the smoke demon. Your headbutt misses the smoke demon.
The smoke demon is almost dead.
The smoke demon closely misses you. You furiously retaliate!
You headbutt the smoke demon.
You kill the smoke demon!
You feel a little less agile now.
Your unstable footing causes you to fumble your attack.
You hit the large abomination. You burn the large abomination.
The large abomination is lightly damaged.
You block the large abomination's attack.
You block the large abomination's attack.
You hit the large abomination.
The large abomination is moderately damaged.
You hit the large abomination.
The large abomination seems to grow stronger.
You headbutt the large abomination.
The large abomination is heavily damaged.
The large abomination hits you!
You hit the large abomination but do no damage.
The large abomination is heavily damaged.
You slash the large abomination!
Your headbutt misses the large abomination.
The large abomination is severely damaged.
You hit the large abomination. You burn the large abomination.
The large abomination is severely damaged. "You need some minor improvements, mortal!"
Your body is suffused with distortional energy.
Your skin no longer functions as natural camouflage.
You are now a special plaything of Xom.
The large abomination barely misses you.
You furiously retaliate!
You headbutt the large abomination! You barely miss the large abomination.
The large abomination is almost destroyed.
You hit the large abomination. You freeze the large abomination.
You destroy the large abomination!
You hit the small abomination but do no damage.
You closely miss the small abomination.
You headbutt the small abomination, but do no damage.
The small abomination completely misses you.
You hit the small abomination.
The small abomination suddenly seems more agile.
The small abomination is lightly damaged.
The small abomination hits you.
You barely miss the small abomination.
The small abomination is lightly damaged.
The small abomination hits you.
You hit the small abomination but do no damage.
You headbutt the small abomination!
The small abomination is heavily damaged.
You hit the small abomination.
The small abomination appears confused.
The small abomination is severely damaged.
The small abomination falls into the water!
The small abomination falls apart.
HP restored.
A great orb of eyes comes into view.
A wraith comes into view.
A lich comes into view.
The lich shouts!
The lich mumbles some strange words.
The lich flickers and vanishes for a moment.
Unknown command.
A starcursed mass comes into view.
You hit the starcursed mass but do no damage.
Lightning courses through the starcursed mass!!
The starcursed mass is lightly damaged.
You hit the starcursed mass but do no damage.
You headbutt the starcursed mass!
The starcursed mass is moderately damaged.
The starcursed mass touches you but does no damage.
You hit the lich but do no damage. You slash the starcursed mass!
Space warps around the starcursed mass.
The lich casts a spell.
The lich seems to speed up.
A starcursed mass splits.
You closely miss the lich. Your headbutt misses the lich.
You hit the starcursed mass but do no damage.
You hit the lich. You headbutt the lich!
The lich is moderately damaged.
You hit the starcursed mass but do no damage.
The starcursed mass blinks!
The lich blinks!
You hit the starcursed mass but do no damage.
You headbutt the starcursed mass!
The starcursed mass is heavily damaged.
A chorus of shrieks assaults your mind.
You hit the starcursed mass but do no damage.
The starcursed mass is heavily damaged.
A starcursed mass splits.
The starcursed mass touches you.
You hit the starcursed mass. You freeze the starcursed mass.
You headbutt the starcursed mass.
The starcursed mass is heavily damaged.
You hit the starcursed mass but do no damage.
The starcursed mass suddenly seems more resistant.
The starcursed mass shudders and is absorbed by its neighbour.
The lich points at you and mumbles some strange words.
You feel yourself slow down.
You hit the starcursed mass but do no damage.
The starcursed mass appears confused.
The starcursed mass is heavily damaged.
A starcursed mass splits.
You hit the starcursed mass but do no damage.
You headbutt the starcursed mass.
The starcursed mass is heavily damaged.
You hit the lich but do no damage.
The starcursed mass shudders and is absorbed by its neighbour.
You block the lich's attack.
You hit the starcursed mass but do no damage.
The starcursed mass is duplicated!
The starcursed mass is moderately damaged.
You hit the lich. The lich touches you!
A starcursed mass splits.
You block the starcursed mass's attack. The lich touches you!
A starcursed mass splits.
You hit the starcursed mass but do no damage.
The starcursed mass is moderately damaged.
You hit the wraith.
The wraith convulses.
You hit the lich but do no damage.
You hit the starcursed mass but do no damage.
The starcursed mass suddenly seems more agile.
A starcursed mass splits.
The starcursed mass closely misses you. The lich touches you.
You partially resist.
You feel drained. The wraith barely misses you. You furiously retaliate!
You headbutt the wraith, but do no damage.
The starcursed mass seems less confused. x3
The lich launches a ball of destructive magic.
A deafening chorus of shrieks assaults your mind!
A starcursed mass splits.
The starcursed mass completely misses you.
A starcursed mass splits.
The starcursed mass touches you! The starcursed mass touches you.
You emit a cloud of colourful smoke!
An orb of destruction comes into view.
You hit the starcursed mass but do no damage.
You headbutt the starcursed mass!
The starcursed mass is severely damaged.
You hit the starcursed mass but do no damage. x2
The starcursed mass appears confused.
You hit the starcursed mass. You burn the starcursed mass.
You hit the lich but do no damage.
The starcursed mass shudders and is absorbed by its neighbour. x2
Xom grants you a minor favour.
You fade into invisibility!
The lich completely misses you. You furiously retaliate!
You headbutt the lich!
The starcursed mass touches you but does no damage.
A starcursed mass splits.
You hit the starcursed mass.
Nothing appears to happen.
The starcursed mass is heavily damaged.
You hit the starcursed mass but do no damage.
You catch the helpless starcursed mass completely off-guard!
You slash the starcursed mass!
The starcursed mass seems to grow stronger.
You barely miss the lich.
The starcursed mass shudders and is absorbed by its neighbour. x2
The wavering orb of destruction hits you!!!
Ouch! That really hurt!
You die...
Xom chortles!

Skill      XL: |  1  2  3  4  5  6  7  8  9 10 11 12 |
---------------+-------------------------------------+-----
Axes           | 4 5 6 7 8 9 12 13 14 15 | 15.9
Fighting       | 4 5 6 7 9 10 11 | 11.8
Shields        | 3 5 |  5.0
Armour         | 4 6 8 |  8.3
Evocations     | 2 4 5 |  5.7
Dodging        | 3 5 6 7 |  7.1

Action                     |  1- 3 |  4- 6 |  7- 9 | 10-12 || total
---------------------------+-------+-------+-------+-------++-------
  Melee: Hand axe          |    69 |   181 |   311 |   527 ||  1088
         Headbutt          |     5 |    26 |    55 |   133 ||   219
         Punch             |       |     3 |     4 |       ||     7
  Throw: Dart              |       |     7 |     9 |     8 ||    24
         Throwing net      |       |       |       |     4 ||     4
  Evoke: Wand              |       |       |     6 |    13 ||    19
    Use: Potion            |       |       |     4 |     6 ||    10
         Scroll            |       |       |     4 |     3 ||     7
   Stab: Sleeping          |       |     1 |    14 |     2 ||    17
         Confused          |       |       |     4 |     9 ||    13
         Distracted        |       |       |     1 |     3 ||     4
         Petrified         |       |       |       |     5 ||     5
         Paralysed         |       |       |       |     2 ||     2
         Petrifying        |       |       |       |     1 ||     1
 Armour: Leather armour    |    46 |    57 |   128 |       ||   231
         Troll leather arm |       |       |     4 |   150 ||   154
  Dodge: Dodged            |    49 |   136 |   179 |   275 ||   639
  Block: Buckler           |       |       |     4 |    89 ||    93

Levels and vault maps discovered:
D:1:      nzn_arrival_settlement, layout_rooms, serial_bayou,
          serial_bayou_shore_a, serial_bayou_lagoon_a, serial_bayou_pond_d,
          serial_bayou_pond_e, serial_bayou_shore_b, serial_bayou_ford_a
D:2:      layout_basic, serial_rivers, chequers_serial_rivers_marsh,
          chequers_serial_rivers_micro_e, chequers_serial_rivers_small_a,
          chequers_serial_rivers_large_a
D:3:      layout_basic, overflow_temple_1_default, fedhas_altar_1,
          lemuel_crystal_altar, lemuel_crystal_altar,
          gammafunk_temple_overflow_elements, serial_shops,
          nicolae_shop_hallway_stairs,
          shapermc_ecumenical_altar_mp_urbaneastern, gup_sewer_entry_glass,
          serial_bayou, serial_bayou_crossing, serial_bayou_lake_a,
          serial_bayou_pond_b, serial_bayou_pond_d, uniq_terence, uniq_natasha
D:4:      layout_gridville, mainiacjoe_overflow_small_starburst,
          nicolae_custom_books
D:5:      layout_loops_cross
D:6:      cheibrodos_quashed, layout_basic, mainiacjoe_overflow_cross_hatched,
          jmf_multi_god_temple, minmay_temple_entry_purple_smoke
D:7:      layout_basic, mainiacjoe_overflow_alcove_4
D:8:      layout_cave_pools, mainiacjoe_overflow_alcove_1
D:9:      minmay_chambers_of_sevens, layout_stronghold, zombieorc2_lemuel
D:10:     layout_long_grid, mainiacjoe_overflow_boulevard,
          nicolae_dithmenos_shadow_blocks, nemelex_diamond_rough_becter,
          nicolae_ru_path_of_blood, erik_lair_orcish_takeover,
          nicolae_blasting_shop
D:11:     layout_basic
D:12:     layout_irregular_city, doesnt_xom_only_xom, uniq_erolcha,
          uniq_nergalle, uniq_urug
Abyss:1:  base:
D:11

Notes
Turn   | Place    | Note
-------+----------+-------------------------------------------
     0 | D:1      | scionoferis the Minotaur Chaos Knight began the quest for
                  | the Orb.
     0 | D:1      | Reached XP level 1. HP: 19/19 MP: 0/0
    87 | D:1      | Reached skill level 4 in Axes
   112 | D:1      | Reached XP level 2. HP: 27/27 MP: 1/1
   125 | D:1      | Reached skill level 4 in Fighting
   197 | D:1      | XOM: divination: magic mapping
   296 | D:1      | XOM: divination: magic mapping
   302 | D:1      | XOM: divination: magic mapping
   303 | D:1      | Reached XP level 3. HP: 28/33 MP: 2/2
   418 | D:1      | XOM: silly message
   419 | D:1      | HP: 3/33 [constriction (1)]
   768 | D:2      | Reached skill level 5 in Axes
   806 | D:2      | Reached XP level 4. HP: 41/41 MP: 3/3
  1329 | D:3      | Found Wucoc's Assorted Antiques.
  1344 | D:3      | Found a shimmering altar of Xom.
  1349 | D:3      | Noticed Terence
  1367 | D:3      | Killed Terence
  1368 | D:3      | Reached skill level 6 in Axes
  1394 | D:3      | Reached skill level 5 in Fighting
  1394 | D:3      | Reached XP level 5. HP: 48/48 MP: 4/4
  1402 | D:3      | Found a blossoming altar of Fedhas.
  1415 | D:3      | Found a glowing drain.
  1441 | D:3      | XOM: blink monster(s)
  1445 | D:3      | XOM: snakes to sticks
  1447 | D:3      | Noticed Natasha
  1462 | D:3      | XOM: summons friendly rust devil
  1471 | D:3      | Killed Natasha
  1515 | Sewer    | Entered a sewer
  1641 | Sewer    | Reached skill level 7 in Axes
  1641 | Sewer    | Reached XP level 6. HP: 54/56 MP: 5/5
  1939 | Sewer    | XOM: noise
  2001 | Sewer    | XOM: god gift: falchion {god gift}
  2082 | D:3      | Noticed Natasha
  2092 | D:3      | Killed Natasha
  2118 | D:3      | XOM: god gift: 48 gold pieces
  2187 | D:3      | Found a faded altar of an unknown god.
  2194 | D:3      | You are sucked into a shaft and drop 3 floors!
  2218 | D:5      | Entered Level 5 of the Dungeon
  2221 | D:5      | XOM: cleaving
  2362 | D:5      | Reached skill level 6 in Fighting
  2394 | D:5      | Reached skill level 8 in Axes
  2512 | D:3      | Found a hazy altar of Hepliaklqana.
  2512 | D:3      | Found a glowing golden altar of the Shining One.
  2518 | D:3      | Noticed Natasha
  2521 | D:3      | XOM: summons friendly iron imp
  2523 | D:3      | Killed Natasha
  2538 | D:3      | Found a bloodstained altar of Trog.
  2673 | D:3      | Found a stormy altar of Qazlal.
  2677 | D:3      | Reached XP level 7. HP: 63/63 MP: 6/6
  2703 | D:3      | Bought a scroll labelled CASCHE UCZYNEEK for 27 gold pieces
  2703 | D:3      | Bought a scroll labelled QUAZI JUDUTE for 27 gold pieces
  2703 | D:3      | Bought a scroll labelled ZISSUOTW YGEVI for 27 gold pieces
  2703 | D:3      | Bought a scroll labelled SERYVE YZXOH for 27 gold pieces
  2712 | D:3      | XOM: give mutation
  2712 | D:3      | Gained mutation: You sometimes lose your temper in combat.
                  | [Xom's mischief]
  2737 | D:3      | XOM: give mutations
  2737 | D:3      | Gained mutation: You passively map a small area around you.
                  | [Xom's mischief]
  2737 | D:3      | Gained mutation: Your magical capacity is low. (-10% MP)
                  | [Xom's mischief]
  2808 | D:3      | XOM: give mutation
  2808 | D:3      | Gained mutation: You are frail. (-10% HP) [Xom's mischief]
  2880 | D:3      | XOM: summons 1 hostile shadow creature
  2989 | D:4      | XOM: give mutations
  2989 | D:4      | Lost mutation: You sometimes lose your temper in combat.
                  | [Xom's mischief]
  2989 | D:4      | Gained mutation: Your skin changes colour to match your
                  | surroundings (Stealth+). [Xom's mischief]
  3013 | D:4      | Found Yrrosk's Self-Published Books.
  3160 | D:4      | XOM: torment (30/57 hp)
  3261 | D:4      | Found an opulent altar of Gozag.
  3458 | D:4      | XOM: summons 1 hostile shadow creature
  3566 | D:5      | XOM: 1-stop teleportation journey
  3684 | D:5      | Reached skill level 9 in Axes
  3805 | D:5      | Reached skill level 7 in Fighting
  3909 | D:5      | XOM: summons 4 hostile demons
  4061 | D:6      | XOM: confusion
  4070 | D:6      | Reached XP level 8. HP: 55/63 MP: 6/6
  4074 | D:6      | Reached skill level 10 in Axes
  4181 | D:6      | Found an ancient bone altar of Kikubaaqudgha.
  4212 | D:6      | XOM: confuse monster(s)
  4336 | D:6      | XOM: god gift: 22 gold pieces
  4358 | D:6      | XOM: cast spell 'Cause Fear'
  4362 | D:6      | Reached skill level 8 in Fighting
  4394 | D:6      | XOM: scenery: 3 doors close
  4416 | D:6      | XOM: noise
  4760 | D:6      | Found a staircase to the Ecumenical Temple.
  4881 | D:6      | Found a shimmering blue altar of Sif Muna.
  4881 | D:6      | Found a radiant altar of Vehumet.
  4886 | D:6      | XOM: cast spell 'Dispersal'
  4893 | D:6      | Reached skill level 11 in Axes
  5102 | D:7      | XOM: cast spell 'Summon Dragon'
  5202 | D:7      | Reached skill level 9 in Fighting
  5202 | D:7      | Reached skill level 12 in Axes
  5202 | D:7      | Reached XP level 9. HP: 32/74 MP: 7/7
  5556 | D:7      | XOM: polymorph orc wizard -> boggart
  5696 | D:7      | Reached skill level 1 in Shields
  5806 | D:7      | XOM: silly message
  5907 | D:7      | XOM: silly message
  5992 | D:7      | Found a basalt altar of Yredelemnul.
  6065 | D:8      | XOM: polymorph orc warrior -> sky beast
  6086 | D:8      | Reached skill level 3 in Armour
  6086 | D:8      | Reached skill level 1 in Evocations
  6101 | D:8      | Reached skill level 2 in Dodging
  6305 | D:8      | XOM: enchant monster (bad)
  6338 | D:8      | XOM: summons 5 hostile demons
  6418 | D:8      | Identified the amulet "Juigasel" {Spirit rF+++ MP-9 Dex+3}
                  | (Xom gifted it to you on level 8 of the Dungeon)
  6418 | D:8      | XOM: god gift: amulet "Juigasel" {Spirit rF+++ MP-9 Dex+3}
  6422 | D:8      | Reached skill level 2 in Shields
  6560 | D:8      | XOM: noise
  6573 | D:8      | XOM: divination: detect creatures
  6668 | D:8      | Reached skill level 2 in Evocations
  6763 | D:8      | Found an ornate altar of the Wu Jian Council.
  6808 | D:8      | Reached skill level 4 in Armour
  6808 | D:8      | Reached skill level 3 in Dodging
  6808 | D:8      | Reached skill level 3 in Shields
  7102 | D:9      | Noticed a troll
  7109 | D:9      | Killed a troll
  7242 | D:9      | Reached skill level 13 in Axes
  7268 | D:9      | Reached XP level 10. HP: 82/82 MP: 0/8
  7463 | D:9      | Reached skill level 10 in Fighting
  7463 | D:9      | Reached skill level 4 in Dodging
  7463 | D:9      | Reached skill level 4 in Shields
  7644 | D:9      | Reached skill level 5 in Armour
  7644 | D:9      | Reached skill level 3 in Evocations
  7664 | D:9      | XOM: blink monster(s)
  7666 | D:9      | Found a staircase to the Orcish Mines.
  7691 | D:9      | XOM: cleaving
  7725 | D:9      | XOM: silly message
  7787 | D:9      | XOM: noise
  7818 | D:9      | XOM: confusion (+ monsters)
  7951 | D:9      | XOM: 1-stop teleportation journey
  8052 | D:9      | XOM: polymorph centaur -> ice beast
  8149 | D:9      | Noticed a two-headed ogre
  8159 | D:9      | Banished a two-headed ogre
  8160 | D:9      | XOM: noise
  8163 | D:9      | Reached skill level 5 in Shields
  8169 | D:9      | XOM: scenery: summon butterflies
  8249 | D:9      | Noticed a two-headed ogre
  8249 | D:9      | Noticed a manticore
  8250 | D:9      | Noticed a manticore
  8254 | D:9      | Killed a manticore
  8255 | D:9      | Reached skill level 14 in Axes
  8255 | D:9      | Reached skill level 6 in Armour
  8255 | D:9      | Reached skill level 5 in Dodging
  8274 | D:9      | XOM: cast spell 'Call Canine Familiar'
  8288 | D:9      | Reached skill level 4 in Evocations
  8303 | D:9      | XOM: smoke on damage
  8304 | D:9      | XOM: cast spell 'Summon Ice Beast'
  8307 | D:9      | Killed a manticore
  8308 | D:9      | Reached XP level 11. HP: 23/90 MP: 0/8
  8355 | D:9      | XOM: god gift: 6 atropa-tipped darts
  8630 | D:10     | Entered Level 10 of the Dungeon
  8735 | D:10     | Found a shadowy altar of Dithmenos.
  8737 | D:10     | Identified the +0 buckler "Qoqot" {rElec rN+ SInv}
  8823 | D:10     | Identified the +10 long sword of Ytwisaur {heavy, rF- Int+6
                  | SInv}
  8942 | D:10     | XOM: divination: detect creatures
  8951 | D:10     | Noticed a two-headed ogre
  8964 | D:10     | Killed a two-headed ogre
  8986 | D:10     | Found a staircase to the Lair.
  9055 | D:10     | Found Yhosomauc's Demolitions Depot.
  9129 | D:10     | Found a sparkling altar of Nemelex Xobeh.
  9131 | D:10     | XOM: potion effect (attraction)
  9202 | D:10     | Found a sacrificial altar of Ru.
  9327 | D:10     | Found a white marble altar of Elyvilon.
  9437 | D:11     | XOM: enchant monster (good)
  9441 | D:11     | a yak changed into a sea snake
  9441 | D:11     | Noticed a sea snake
  9444 | D:11     | XOM: cast spell 'Summon Hydra'
  9448 | D:11     | Killed a sea snake
  9449 | D:11     | Reached skill level 11 in Fighting
  9453 | D:11     | Reached skill level 7 in Armour
  9460 | D:11     | Reached skill level 6 in Dodging
  9461 | D:11     | XOM: cloud trail
  9663 | D:11     | Noticed a two-headed ogre
  9668 | D:11     | Killed a two-headed ogre
  9669 | D:11     | Reached skill level 15 in Axes
  9875 | D:11     | Reached skill level 5 in Evocations
  9884 | D:11     | XOM: divination: detect items
 10133 | D:11     | XOM: summons friendly quasit
 10159 | D:11     | XOM: noise
 10367 | D:12     | XOM: divination: detect items
 10388 | D:12     | XOM: silly message
 10464 | D:12     | XOM: god gift: 27 gold pieces
 10518 | D:12     | Noticed Urug
 10537 | D:12     | Killed Urug
 10596 | D:12     | Noticed a boulder beetle
 10606 | D:12     | XOM: noise
 10609 | D:12     | Killed a boulder beetle
 10610 | D:12     | Reached skill level 8 in Armour
 10610 | D:12     | Reached XP level 12. HP: 96/99 MP: 0/9
 10641 | D:12     | XOM: 2-stop teleportation journey
 10830 | D:12     | Noticed Erolcha
 11085 | D:12     | XOM: noise
 11159 | D:12     | You are cast into the Abyss!
 11159 | Abyss:1  | Cast into level 1 of the Abyss (Erolcha)
 11183 | Abyss:1  | Found a corrupted altar of Lugonu.
 11200 | Abyss:1  | Reached skill level 7 in Dodging
 11225 | Abyss:1  | Paralysed by you for 2 turns
 11252 | Abyss:1  | XOM: silly message
 11257 | Abyss:1  | XOM: enchant monster (bad)
 11277 | Abyss:1  | XOM: give mutation
 11277 | Abyss:1  | Lost mutation: Your skin changes colour to match your
                  | surroundings (Stealth+). [Xom's mischief]
 11321 | Abyss:1  | Noticed a great orb of eyes
 11352 | Abyss:1  | Noticed a lich
 11358 | Abyss:1  | Noticed a starcursed mass
 11372 | Abyss:1  | XOM: smoke on damage
 11373 | Abyss:1  | XOM: potion effect (invisibility)
 11374 | Abyss:1  | Blown up by a lich

Vanquished Creatures
  A boulder beetle (D:12)
  2 two-headed ogres (D:10 D:11)
  Urug (D:12)
  A sea snake (D:11)
  A manticore (D:9)
  A cyclops (D:11)
  A smoke demon (Abyss:1)
  An apocalypse crab (Abyss:1)
  A gargoyle (D:12)
  An unseen horror (D:10)
  A komodo dragon (D:11)
  An efreet (Abyss:1)
  2 trolls (D:9 D:11)
  A meliai (D:9)
  5 slime creatures (D:9 D:12)
  4 shadows (D:9 D:10)
  2 wyverns (D:9)
  16 yaks (D:9 D:11 D:12)
  A wraith (D:11)
  4 wargs (D:10)
  A large abomination (Abyss:1)
  An acid dragon (D:12)
  A small abomination (Abyss:1)
  A water moccasin (D:8)
  2 two-headed ogre zombies (D:9)
  5 orc warriors (D:8 D:9)
  A sky beast (D:8)
  2 ice beasts (D:8 D:9)
  A black bear (D:6)
  2 ogres (D:5 D:6)
  2 centaurs (D:9)
  4 kobold brigands (D:6 D:8 D:9 D:10)
  4 bullfrogs (D:5 D:7 D:9)
  2 gnoll sergeants (D:8 D:10)
  A scorpion (D:5)
  14 wights (D:6 D:7 D:8 D:9)
  3 howler monkeys (D:6 D:9 D:10)
  6 hounds (D:4 D:5 D:6 D:7)
  2 jellies (D:4 D:6)
  7 orc priests (D:5 D:6 D:7 D:9 D:10)
  A gnoll bouda (D:10)
  A sleepcap (D:4)
  An iguana (D:4)
  Natasha (thrice) (D:3)
  Terence (D:3)
  13 orc wizards (D:5 D:7 D:8 D:9 D:10)
  7 ogre zombies (D:9)
  16 gnolls (D:3 D:7 D:8 D:10)
  12 adders (D:2 D:3 Sewer D:5 D:6)
  6 river rats (Sewer)
  2 shadow imps (D:7)
  A white imp (D:6)
  3 worms (D:2 D:4)
  4 dart slugs (D:1 D:2 D:4)
  38 orcs (D:3 D:5 D:4 D:6 D:7)
  13 ball pythons (D:1 D:2 D:3 Sewer D:4)
  9 endoplasms (D:1 D:2 D:3 D:4)
  8 giant cockroaches (D:1 D:2 D:3)
  8 goblins (D:1 D:2 D:3 D:4)
  8 hobgoblins (D:1 D:2 D:3 D:4)
  28 kobolds (D:1 Sewer D:3 D:4 D:8)
  8 quokkas (D:1 D:2 D:3)
  6 bats (D:1 D:2)
  5 frilled lizards (D:1 D:2 Sewer)
  A goblin skeleton (D:9)
  4 goblin zombies (D:9)
  3 hobgoblin zombies (D:9)
  3 orc skeletons (D:9)
  13 orc zombies (D:9)
  21 rats (D:1 D:2 D:3 Sewer)
357 creatures vanquished.

Vanquished Creatures (collateral kills)
  A manticore (D:9)
  A cyclops (D:11)
  A kobold demonologist (D:11)
  A yak (D:11)
  A water moccasin (D:7)
  An ogre (D:7)
  A gnoll sergeant (D:7)
  2 bullfrogs (D:6 D:8)
  6 wights (D:6 D:9)
  A hound (D:7)
  An orc priest (D:7)
  2 orc wizards (D:8)
  2 gnolls (D:7)
  An adder (D:6)
  6 orcs (D:7 D:8)
  2 bats (D:3)
30 creatures vanquished.

Vanquished Creatures (others)
  A two-headed ogre (D:9)
  An orc warrior (D:9)
  A wight (D:6)
3 creatures vanquished.

Grand Total: 390 creatures vanquished

Table legend: (Time is in decaauts)
 A = Elapsed time spent in this place.
 B = Non-inter-level travel time spent in this place.
 C = Inter-level travel time spent in this place.
 D = Time resting spent in this place.
 E = Time spent auto-exploring this place.
 F = Levels seen in this place.
 G = Mean time per level.
                   A        B        C        D        E       F      G
               +--------+--------+--------+--------+--------+-----+--------+
         Total |  11155 |  10857 |    298 |    236 |   7807 |  14 |  796.8 |
       Dungeon |  10450 |  10152 |    298 |    232 |   7393 |  12 |  870.8 |
         Abyss |    199 |    199 |      0 |      3 |     89 |   1 |  199.0 |
         Sewer |    504 |    504 |      0 |      0 |    325 |   1 |  504.0 |
               +--------+--------+--------+--------+--------+-----+--------+

Top non-repeatable levels by time:
     D:9: 1456 daAuts
     D:6: 1035 daAuts
     D:8: 1001 daAuts
     D:7: 966 daAuts
    D:11: 903 daAuts
     D:3: 882 daAuts
     D:1: 788 daAuts
    D:12: 774 daAuts
     D:5: 761 daAuts
    D:10: 755 daAuts
     D:4: 581 daAuts
     D:2: 543 daAuts
   Sewer: 504 daAuts
 Abyss:1: 199 daAuts

Table legend:
 A = Non-vault XP
 B = Vault XP
 C = Vault XP percentage of total XP
 D = Non-vault monster count
 E = Vault monster count
 F = Vault count percentage of total count
                 A         B        C        D         E       F
            +---------+---------+-------+---------+---------+-------
      Total |   19241 |    5774 |  23.1 |     279 |     106 |  27.5
            +---------+---------+-------+---------+---------+-------
        D:1 |      55 |       0 |   0.0 |      30 |       0 |   0.0
        D:2 |      95 |       0 |   0.0 |      24 |       0 |   0.0
        D:3 |     183 |     105 |  36.5 |      24 |       8 |  25.0
        D:4 |     203 |       0 |   0.0 |      20 |       0 |   0.0
        D:5 |     587 |       0 |   0.0 |      21 |       0 |   0.0
        D:6 |     794 |     149 |  15.8 |      16 |       2 |  11.1
        D:7 |    1016 |       0 |   0.0 |      31 |       0 |   0.0
        D:8 |    1539 |       0 |   0.0 |      26 |       0 |   0.0
        D:9 |    2825 |    3973 |  58.4 |      25 |      47 |  65.3
       D:10 |    2032 |     630 |  23.7 |      22 |       8 |  26.7
       D:11 |    4866 |       0 |   0.0 |      22 |       0 |   0.0
       D:12 |    3529 |     778 |  18.1 |      13 |       1 |   7.1
    Abyss:1 |    1517 |       0 |   0.0 |       5 |       0 |   0.0
      Sewer |       0 |     139 | 100.0 |       0 |      40 | 100.0
            +---------+---------+-------+---------+---------+-------
